 Dungeon Crawl Stone Soup version 0.16.1-2-g95b8d4c (webtiles) character file.

404 MDvedh the Grappler (level 6, -3/42 (51) HPs)
             Began as a Ghoul Monk on Mar 24, 2015.
             Was an Initiate of Gozag.
             Shot with an arrow by a centaur (6 damage)
             ... on level 5 of the Dungeon.
             The game lasted 00:06:00 (2727 turns).

MDvedh the Grappler (Ghoul Monk)                    Turns: 2727, Time: 00:06:00

HP:   -3/42 (51)    AC:  4    Str: 15    XL:     6   Next: 86%
MP:   5/5           EV: 13    Int:  5    God:    Gozag
Gold: 237           SH:  0    Dex: 13    Spells: 0 memorised, 5 levels left

rFire  . . .     SeeInvis .       - Unarmed
rCold  + . .     Clarity  .     m - +2 robe {rN+}
rNeg   + + +     SustAb   .     (no shield)
rPois  ∞         Gourm    .     (no helmet)
rElec  .         Spirit   .     (no cloak)
rCorr  .         Warding  .     (no gloves)
rMut   +         Stasis   .     (no boots)
MR     .....                    j - amulet of resist mutation
Stlth  ++........               (no ring)
                                (no ring)

@: starving, rotting, not resistant to hostile enchantments, unstealthy
A: rotting body, claws 1, carnivore 3, cold resistance 1, negative energy
resistance 3, poison resistance, slow healing 1, torment resistance, unbreathing
a: Potion Petition, Call Merchant, Bribe Branch, Renounce Religion


You were on level 5 of the Dungeon.
You worshipped Gozag.
Gozag was noncommittal.
You were starving.

You visited 1 branch of the dungeon, and saw 5 of its levels.

You collected 437 gold pieces.
You paid 200 gold pieces to Gozag.

Inventory:

Armour
 m - a +2 robe of positive energy (worn)
Jewellery
 j - an amulet of resist mutation (around neck)
Scrolls
 e - 4 scrolls of teleportation
 f - a scroll of magic mapping {unknown}
 h - a scroll of identify
Potions
 a - a potion of restore abilities {unknown}
 b - a potion of haste
 c - 2 potions of flight {unknown}
 d - 5 potions of curing
 g - a potion of mutation {unknown}
 i - a potion of cancellation
 l - a potion of heal wounds


   Skills:
 - Level 3.2 Fighting
 - Level 2.6 Dodging
 - Level 2.1 Stealth
 + Level 8.7 Unarmed Combat


You had 5 spell levels left.
You didn't know any spells.

Dungeon Overview and Level Annotations

Branches:
Dungeon (5/15)             Temple (0/1) D:4

Altars:
Cheibriados
Fedhas
Gozag
Makhleb
Okawaru
Qazlal
Ru
Sif Muna
Xom
Zin
The Shining One


Innate Abilities, Weirdness & Mutations

Your body is rotting away.
You thrive on raw meat.
You have sharp fingernails.
You are carnivorous and can eat meat at any time.
Your flesh is cold resistant.
You are immune to negative energy.
Your system is resistant to poisons.
You heal slowly when monsters are visible.
You are immune to unholy pain and torment.
You can survive without breathing.


Message History

You feel your flesh rotting away.
There is a stone staircase leading down here.
You climb downwards.
There is a stone staircase leading up here.
A centaur comes into view.
The centaur wields a shortbow.
The centaur shoots an arrow.
The arrow closely misses you.
You see here an arrow.
A centaur is nearby!
A centaur is nearby!
The centaur shoots an arrow.
The arrow hits you.
The centaur shoots an arrow.
The arrow hits you!
You see here an arrow.
The centaur shoots an arrow.
The arrow hits you.
You see here an arrow.
The centaur shoots an arrow.
The arrow hits you!
* * * LOW HITPOINT WARNING * * *
The centaur shoots an arrow.
The arrow hits you.
You die...
Your body crumbles into a pile of gold.

#########..#
##(((.@..c.#
#####.........##
#######......########
.....<.....###
..######..## ####


You could see a centaur.

Vanquished Creatures
  Sigmund (D:3)
  An orc priest (D:3)
  Natasha (twice) (D:3)
  An orc wizard (D:4)
  Ijyb (D:3)
  Jessica (D:3)
  A hound skeleton (D:4)
  Robin (D:3)
  7 adders
  4 gnolls (D:3)
  A worm (D:4)
  2 giant mites
  3 giant geckos
  An ooze (D:3)
  6 orcs
  2 giant cockroaches
  12 goblins
  4 hobgoblins
  5 jackals
  2 kobolds
  4 bats
  5 giant newts
  7 rats
74 creatures vanquished.

Notes
Turn   | Place    | Note
--------------------------------------------------------------
     0 | D:1      | MDvedh, the Ghoul Monk, began the quest for the Orb.
     0 | D:1      | Reached XP level 1. HP: 19/19 MP: 1/1
   268 | D:1      | Found a glowing golden altar of the Shining One.
   342 | D:1      | Reached XP level 2. HP: 23/26 MP: 2/2
   653 | D:1      | Reached skill level 5 in Unarmed Combat
   758 | D:2      | Reached XP level 3. HP: 23/31 MP: 3/3
   781 | D:2      | Found a stormy altar of Qazlal.
   944 | D:2      | Found a glowing silver altar of Zin.
   944 | D:2      | Found an opulent altar of Gozag.
   953 | D:2      | Became a worshipper of Gozag Ym Sagoz the Greedy
   992 | D:2      | You fall through a shaft!
  1020 | D:3      | Reached skill level 6 in Unarmed Combat
  1020 | D:3      | Reached XP level 4. HP: 38/38 MP: 3/3
  1024 | D:3      | Noticed Natasha
  1030 | D:3      | Killed Natasha
  1095 | D:3      | Noticed Sigmund
  1105 | D:3      | Killed Sigmund
  1105 | D:3      | Reached skill level 7 in Unarmed Combat
  1105 | D:3      | Reached XP level 5. HP: 15/44 MP: 4/4
  1206 | D:3      | Noticed Robin
  1210 | D:3      | Noticed Ijyb
  1213 | D:3      | Reached XP level 6. HP: 35/50 MP: 5/5
  1220 | D:3      | Killed Ijyb
  1225 | D:3      | Killed Robin
  1242 | D:3      | Reached skill level 8 in Unarmed Combat
  1326 | D:3      | Noticed Natasha
  1332 | D:3      | Killed Natasha
  1660 | D:3      | Noticed Jessica
  1671 | D:3      | Killed Jessica
  1781 | D:3      | Found a shimmering altar of Xom.
  2066 | D:4      | Found a stormy altar of Qazlal.
  2070 | D:4      | Found a blossoming altar of Fedhas.
  2166 | D:4      | Found a deep blue altar of Sif Muna.
  2511 | D:4      | Found a staircase to the Ecumenical Temple.
  2540 | D:4      | Found a glowing golden altar of the Shining One.
  2541 | D:4      | Found a burning altar of Makhleb.
  2541 | D:4      | Found a snail-covered altar of Cheibriados.
  2542 | D:4      | Found an iron altar of Okawaru.
  2551 | D:4      | Found a sacrificial altar of Ru.
  2715 | D:5      | Entered Level 5 of the Dungeon
  2727 | D:5      | Shot with an arrow by a centaur

Action                   |  1- 3 |  4- 6 || total
-------------------------+-------+-------++-------
Melee: Unarmed           |    68 |   144 ||   212
Invok: Potion Petition   |       |     2 ||     2
  Use: Scroll            |       |    10 ||    10
 Stab: Distracted        |       |     1 ||     1
  Eat: Chunk             |     9 |       ||     9
